 Dungeon Crawl Stone Soup version 0.19.0 (webtiles) character file.

2691 Cacophonie the Basher (level 9, -2/63 HPs)
             Began as a Demonspawn Berserker on Nov 8, 2016.
             Was a Priest of Trog.
             Slain by a gnoll shaman
             ... wielding a +0 club
              (3 damage)
             ... on level 7 of the Dungeon.
             The game lasted 00:28:57 (7560 turns).

Cacophonie the Basher (Demonspawn Berserker)        Turns: 7560, Time: 00:28:59

Health: -2/63      AC:  7    Str: 21    XL:     9   Next: 38%
Magic:  9/9        EV: 15    Int:  9    God:    Trog [***...]
Gold:   366        SH:  0    Dex: 17    Spells: 0 memorised, 8 levels left

rFire  x . .     SeeInvis .     A - +1 flail (venom)
rCold  + . .     Gourm    +     r - +0 scale mail
rNeg   . . .     Faith    .     (no shield)
rPois  .         Spirit   .     (no helmet)
rElec  .         Reflect  .     L - +0 cloak {MR+}
rCorr  .         Harm     .     (no gloves)
MR     +++..                    (no boots)
Stlth  +++.......               o - amulet of the gourmand
                                (no ring)
                                x - ring of ice

@: agile, exhausted, about to teleport, regenerating, slowed, very slow
A: hooves 1, nightstalker 2, powered by pain 2
a: Berserk, Trog's Hand, Burn Spellbooks, Renounce Religion


You were on level 7 of the Dungeon.
You worshipped Trog.
Trog was most pleased with you.
You were full.

You visited 2 branches of the dungeon, and saw 8 of its levels.
You also visited: Ossuary.

You collected 366 gold pieces.


Message History

The gnoll closely misses you! The gnoll shaman misses you!
The gnoll closely misses you!
You beat the gnoll like a drum!
The gnoll is poisoned!
The gnoll is heavily wounded!
The gnoll hits you!!! * * * don't die
* * * The gnoll misses you!
The gnoll hits you from afar with a spear! * * * don't die
* * * The gnoll shaman calls upon its god to speed up the gnoll!
The gnoll seems to speed up!
Unknown command!
As you read the scroll of teleportation, it crumbles to dust!
You feel strangely unstable!
The gnoll hits you from afar with a spear!!! * * * don't die
* * * The gnoll hits you! * * * don't die
* * * The gnoll shaman hits you with a club! rip

.# ##..## .
#..#####
##...#.##
##.....#
####.## #..##
#...###
##....##
###.@g########
###gg((..'g.
#>g#)).'..
####...#g.
#####


You could see a gnoll shaman and 3 gnolls.

Inventory:

Hand Weapons
 a - a +0 mace
 q - a +1 flail
 s - a +0 blowgun
 A - a +1 flail of venom (weapon)
Missiles
 e - 93 stones (quivered)
 m - a throwing net
 t - 44 poisoned needles
 y - 6 javelins
 z - 2 tomahawks
 O - 4 curare-tipped needles
Armour
 b - a +1 animal skin
 r - a +0 scale mail (worn)
 L - a +0 cloak of magic resistance (worn)
Jewellery
 o - an amulet of the gourmand (around neck)
 x - a ring of ice (left hand)
 M - an uncursed ring of positive energy {unknown}
Wands
 H - a wand of heal wounds (3/9)
 K - a wand of random effects (12/48)
Scrolls
 d - 2 scrolls of magic mapping
 k - a scroll of enchant armour
 n - a scroll of enchant weapon
 E - 2 scrolls of remove curse
 G - 2 scrolls of teleportation
 I - a scroll of blinking {unknown}
 N - 2 scrolls of immolation {unknown}
Potions
 g - a potion of haste
 h - a potion of ambrosia
 i - 2 potions of flight
 j - 2 potions of brilliance
 l - a potion of mutation {unknown}
 p - a potion of lignification {unknown}
 w - 2 potions of agility
 B - 5 potions of curing {unknown}
 D - 2 potions of berserk rage {unknown}
 J - a potion of might {unknown}
Books
 C - a book of Misfortune

   Spells                             Type                      Level
   a - Confusing Touch                Hexes                        1
   b - Confuse                        Hexes                        3
   c - Gell's Gravitas                Hexes/Translocation          3
   d - Petrify                        Transmutation/Earth          4
   e - Metabolic Englaciation         Hexes/Ice                    5
   f - Yara's Violent Unravelling     Hexes/Transmutation          5
   Trog disapproves of the use of such an item.
Comestibles
 c - 3 bread rations
 f - 2 meat rations
 u - a beef jerky
 v - 2 fruits
 Q - a slice of pizza


   Skills:
 - Level 3.0 Fighting
 + Level 11.9 Maces & Flails
 - Level 1.7 Armour
 - Level 1.7 Dodging


You had 8 spell levels left.
You didn't know any spells.


Innate Abilities, Weirdness & Mutations

You have large cloven feet.
You are significantly more attuned to the shadows.
You sometimes gain power by taking damage.

Dungeon Overview and Level Annotations

Branches:
Dungeon (7/15)             Temple (1/1) D:4

Altars:
Ashenzari
Dithmenos
Elyvilon
Fedhas
Gozag
Hepliaklqana
Kikubaaqudgha
Makhleb
Nemelex Xobeh
Okawaru
Qazlal
Ru
Sif Muna
Trog
Uskayaw
Vehumet
Xom
Zin
The Shining One

Shops:
D:7 :

Vault maps used:
D:1:      nagdon_arrival_zigzag_paths
D:2:      first_bread, st_stairs_14
D:3:      dancing_weapons_uskayaw, marbit_many_paths
D:4:      nicolae_overflow_crystal_walls, okawaru_altar_gauntlet_db,
          nicolae_dithmenos_the_darkroom
D:5:      old_standard_altar, nicolae_ossuary_entry_monument,
          lemuel_old_faithful
D:6:      grunt_temple_overflow_gold_and_silver, basic_altar, glass_columns_a
D:7:      kennysheep_seaside_town, yredelemnul_altar_generic, serial_shops,
          shop, uniq_crazy_yiuf_cottage
Temple:   eino_wide_crystal_templ
Ossuary:  ossuary_due_cavern

Vanquished Creatures
  The ghost of edsrzf the Sneak, a novice DEHu of Sif Muna (D:6)
  A hippogriff (D:7)
  A water moccasin (D:6)
  A sky beast (D:7)
  An orc warrior (D:7)
  5 ogres
  3 centaurs (D:7)
  4 bullfrogs
  A scorpion (D:6)
  A wight (Ossuary)
  3 howler monkeys
  A jelly (D:6)
  5 hounds
  A centaur skeleton (D:4)
  4 orc priests
  A bullfrog zombie (D:5)
  An iguana (D:5)
  4 orc wizards (D:4)
  2 worker ants
  A killer bee zombie (D:6)
  A hound zombie (D:7)
  2 hound skeletons (D:6)
  5 gnolls (D:4)
  8 adders
  A shadow imp (D:6)
  2 oozes
  3 adder zombies
  2 worms
  A dart slug (D:4)
  4 leopard geckos
  23 orcs
  4 ball pythons
  5 giant cockroaches
  6 goblins
  11 hobgoblins
  7 jackals
  A quokka (D:2)
  7 bats
  6 frilled lizards
  2 hobgoblin skeletons (Ossuary)
  A hobgoblin zombie (Ossuary)
  8 kobolds
  2 kobold zombies (Ossuary)
  An orc zombie (Ossuary)
  A quokka skeleton (D:5)
  A quokka zombie (D:7)
  7 rats
164 creatures vanquished.

Notes
Turn   | Place    | Note
-------+----------+-------------------------------------------
     0 | D:1      | Cacophonie the Demonspawn Berserker began the quest for the Orb.
     0 | D:1      | Reached XP level 1. HP: 18/18 MP: 1/1
   421 | D:1      | Reached skill level 3 in Maces & Flails
   702 | D:1      | Gained mutation: You are slightly more attuned to the shadows. [demonic ancestry]
   702 | D:1      | Reached XP level 2. HP: 11/24 MP: 2/2
  1668 | D:2      | Reached XP level 3. HP: 28/29 MP: 3/3
  1865 | D:2      | Reached skill level 4 in Maces & Flails
  2016 | D:2      | Reached ** piety under Trog
  2729 | D:3      | Gained mutation: You sometimes gain a little power by taking damage. [demonic ancestry]
  2729 | D:3      | Reached XP level 4. HP: 35/35 MP: 4/4
  2780 | D:3      | Found a shimmering altar of Xom.
  3020 | D:3      | Noticed a hand axe
  3021 | D:3      | Noticed a hand axe
  3023 | D:3      | Found a hide-covered altar of Uskayaw.
  3197 | D:4      | Reached skill level 5 in Maces & Flails
  3207 | D:4      | Reached XP level 5. HP: 41/41 MP: 5/5
  3575 | D:4      | Reached skill level 6 in Maces & Flails
  3580 | D:4      | Reached *** piety under Trog
  3580 | D:4      | Gained mutation: You sometimes gain power by taking damage. [demonic ancestry]
  3580 | D:4      | Reached XP level 6. HP: 47/47 MP: 6/6
  3645 | D:4      | Found a shadowy altar of Dithmenos.
  3878 | D:4      | Found a staircase to the Ecumenical Temple.
  3892 | Temple   | Entered the Ecumenical Temple
  4033 | D:4      | Found an iron altar of Okawaru.
  4282 | D:4      | Reached skill level 7 in Maces & Flails
  4582 | D:4      | Reached XP level 7. HP: 30/52 MP: 7/7
  4792 | D:4      | Found a hazy altar of Hepliaklqana.
  5023 | D:5      | Entered Level 5 of the Dungeon
  5107 | D:5      | Found a blossoming altar of Fedhas.
  5114 | D:5      | Reached skill level 8 in Maces & Flails
  5198 | D:5      | Found a sand-covered staircase.
  5211 | Ossuary  | Entered an ossuary
  5458 | Ossuary  | Noticed a flying skull
  5458 | Ossuary  | Noticed a wraith
  5465 | Ossuary  | Noticed a flying skull
  5467 | Ossuary  | Noticed a flying skull
  5491 | Ossuary  | Noticed a flying skull
  5946 | D:6      | Reached skill level 9 in Maces & Flails
  5946 | D:6      | Gained mutation: You have large cloven feet. [demonic ancestry]
  5946 | D:6      | Reached XP level 8. HP: 25/58 MP: 8/8
  6006 | D:6      | Reached **** piety under Trog
  6442 | D:6      | Noticed edsrzf's ghost (novice DEHu)
  6551 | D:6      | Killed edsrzf's ghost
  6551 | D:6      | Reached skill level 10 in Maces & Flails
  6597 | D:6      | Found an opulent altar of Gozag.
  6598 | D:6      | Found a glowing silver altar of Zin.
  6744 | D:6      | Found a sacrificial altar of Ru.
  7159 | D:7      | Noticed a hippogriff
  7261 | D:7      | Reached skill level 11 in Maces & Flails
  7264 | D:7      | Gained mutation: You are significantly more attuned to the shadows. [demonic ancestry]
  7264 | D:7      | Reached XP level 9. HP: 58/63 MP: 9/9
  7510 | D:7      | Found Bajewn's Book Shoppe.
  7560 | D:7      | HP: 1/63 [gnoll (4)]
  7560 | D:7      | Slain by a gnoll shaman
